 Dungeon Crawl Stone Soup version 0.28-a0-1504-g839a4452db (webtiles) character file.

Game seed: 14305846414918303676

151 Nattfarinn the Sneak (level 5, 0/32 HPs)
             Began as a Kobold Brigand on Jan 13, 2022.
             Slain by an ogre (13 damage)
             ... on level 4 of the Dungeon.
             The game lasted 00:05:33 (4415 turns).

Nattfarinn the Sneak (Kobold Brigand)               Turns: 4415, Time: 00:05:34

Health: 0/32       AC:  4    Str:  9    XL:     5   Next: 60%
Magic:  5/5        EV: 14    Int: 12    God:
Gold:   63         SH:  0    Dex: 18    Spells: 4/4 levels left

rFire   . . .      SeeInvis .   a - +2 dagger
rCold   . . .      Faith    .   (no shield)
rNeg    . . .      Spirit   .   b - +0 robe
rPois   .          Reflect  .   (no helmet)
rElec   .          Harm     .   c - +0 cloak
rCorr   .          Rampage  .   t - +0 pair of gloves
Will    .....                   (no boots)
Stlth   +++++.....              o - amulet of magic regeneration
HPRegen 0.10/turn               (no ring)
MPRegen 0.49/turn               (no ring)

@: no status effects
A: small, no large weapons, nightstalker 3
a: no special abilities


You were on level 4 of the Dungeon.
You visited 1 branch of the dungeon, and saw 4 of its levels.

You collected 63 gold pieces.

Inventory:

Hand Weapons
 a - a +2 dagger (weapon)
 w - a +1 dagger of draining
Missiles
 d - 7 poisoned darts (quivered)
 k - 2 datura-tipped darts
Armour
 b - a +0 robe (worn)
 c - a +0 cloak (worn)
 t - a +0 pair of gloves (worn)
Jewellery
 o - an amulet of magic regeneration (around neck)
Scrolls
 h - a scroll of immolation {unknown}
 l - 3 scrolls of teleportation {unknown}
 n - a scroll of vulnerability {unknown}
 q - a scroll of fog {unknown}
 r - a scroll of acquirement {unknown}
 s - a scroll of blinking {unknown}
 u - a scroll of identify {unknown}
Potions
 f - a potion of resistance {unknown}
 g - a potion of curing {unknown}
 i - a potion of ambrosia {unknown}
 j - a potion of heal wounds {unknown}
 m - a potion of flight {unknown}
 p - 2 potions of haste {unknown}
 v - 2 potions of berserk rage {unknown}
 x - a potion of attraction {unknown}


   Skills:
 + Level 3.2 Fighting
 + Level 4.0 Short Blades
 + Level 3.2 Throwing
 - Level 1.2 Dodging
 * Level 7.0 Stealth


You had 4 spell levels left.
You didn't know any spells.
Your spell library contained the following spells:

 Spells                   Type           Power      Damage    Failure   Level
 Ozocubu's Armour         Ice            0%         N/A       69%         3
 Ozocubu's Refrigeration  Ice            0%         4d5       100%        7


Dungeon Overview and Level Annotations

Branches:
Dungeon (4/15)
 Temple: D:4-7

Altars:


Innate Abilities, Weirdness & Mutations

You are small and have problems with some larger weapons.
You are completely attuned to the shadows.


Message History

You climb upwards.
There is a stone staircase leading down here.
You start resting.
HP restored.
There is an open door here.
There is a stone staircase leading down, spattered with blood here.
You climb downwards.
There is a stone staircase leading up here.
You see here a curare-tipped dart.
An ogre is nearby!
e - a curare-tipped dart Throw: dart (curare)
Press: ? - help, Q - select action, (/) - cycle Shift-Dir - straight line, f - ogre
Aim: an ogre, wielding a +0 giant club (77% to hit)
You throw a curare-tipped dart.
The curare-tipped dart barely misses the ogre.
There is a stone staircase leading up here.
The ogre barely misses you.
You see here a curare-tipped dart.
e - a curare-tipped dart Throw: dart (curare)
Press: ? - help, Q - select action, (/) - cycle Shift-Dir - straight line, f/p - ogre
Aim: an ogre, wielding a +0 giant club (77% to hit)
You throw a curare-tipped dart.
The curare-tipped dart barely misses the ogre.
The ogre closely misses you. The ogre barely misses you.
The ogre hits you with a +0 giant club!!
Ouch! That really hurt!
You see here a curare-tipped dart.
e - a curare-tipped dart Throw: dart (curare)
Press: ? - help, Q - select action, (/) - cycle Shift-Dir - straight line, f/p - ogre
Aim: an ogre, wielding a +0 giant club (77% to hit)
You throw a curare-tipped dart. The curare-tipped dart hits the ogre.
The ogre is poisoned.
The ogre convulses.
The ogre seems to slow down.
The ogre is lightly wounded.
The ogre hits you with a +0 giant club!
You die...

#. #.....
......###..........
........# #.#......
.O....... #......#
....!...###.#(...#
.#.....###.......#
#......##..###...##
##......#...#.<...#
###.@O..........##
##...........O..#
#..###..........#
#...#....##....##
##<....#####..##
###..## ####


You could see an ogre (very poisoned, slow).

Vanquished Creatures
  6 adders
  2 worms (D:2)
  A dart slug (D:2)
  6 orcs
  7 bats
  7 endoplasms
  2 giant cockroaches
  11 goblins
  5 hobgoblins
  4 jackals
  10 kobolds
  A quokka (D:1)
  6 ball pythons
  3 frilled lizards
  6 rats
77 creatures vanquished.

Notes
Turn   | Place    | Note
-------+----------+-------------------------------------------
     0 | D:1      | Nattfarinn the Kobold Brigand began the quest for the Orb.
     0 | D:1      | Reached XP level 1. HP: 12/12 MP: 1/1
    69 | D:1      | Reached XP level 2. HP: 18/18 MP: 2/2
   430 | D:1      | Reached XP level 3. HP: 5/22 MP: 3/3
   751 | D:1      | Reached skill level 6 in Stealth
  1426 | D:2      | Reached XP level 4. HP: 22/27 MP: 4/4
  1940 | D:2      | Reached XP level 5. HP: 11/32 MP: 5/5
  2189 | D:2      | Found a faded altar of an unknown god.
  3190 | D:3      | Reached skill level 7 in Stealth
  3728 | D:4      | Noticed a lemure
  3728 | D:4      | Noticed a lemure
  3729 | D:4      | Noticed a lemure
  3729 | D:4      | Noticed a lemure
  3828 | D:4      | Noticed an ogre
  4415 | D:4      | Slain by an ogre

Illustrated notes

Levels and vault maps discovered:
D:1:      saegor_arrival_under_anarchy, layout_rooms
D:2:      layout_loops_cross, ebering_ecumenical_altar_hall,
          minmay_misc_feat_tower
D:3:      layout_basic
D:4:      layout_cave_pools, minmay_manual_mail, uniq_pikel, uniq_eustachio

Skill      XL: |  1  2  3  4  5 |
---------------+----------------+-----
Short Blades   | 3 4 |  4.0
Stealth        | 6 7 |  7.0
Fighting       | 3 |  3.2
Throwing       | 3 |  3.2
Dodging        | |  1.2

Action                   |  1- 3 |  4- 6 || total
-------------------------+-------+-------++-------
Melee: Dagger            |    93 |   148 ||   241
Throw: Dart              |       |     9 ||     9
 Stab: Sleeping          |    17 |    17 ||    34
       Distracted        |     1 |     2 ||     3
Armor: Robe              |    10 |    34 ||    44
Dodge: Dodged            |    38 |   105 ||   143

Table legend: (Time is in decaauts)
 A = Elapsed time spent in this place.
 B = Non-inter-level travel time spent in this place.
 C = Inter-level travel time spent in this place.
 D = Time resting spent in this place.
 E = Time spent auto-exploring this place.
 F = Levels seen in this place.
 G = Mean time per level.
                   A        B        C        D        E       F      G
               +--------+--------+--------+--------+--------+-----+--------+
         Total |   4375 |   4149 |    226 |    392 |   3136 |   4 | 1093.8 |
       Dungeon |   4375 |   4149 |    226 |    392 |   3136 |   4 | 1093.8 |
               +--------+--------+--------+--------+--------+-----+--------+

Top non-repeatable levels by time:
     D:3: 1705 daAuts
     D:2: 1406 daAuts
     D:1: 1117 daAuts
     D:4: 145 daAuts
